 Dungeon Crawl Stone Soup version 0.23-a0-4-g8f018a2 (webtiles) character file.

5124 Kuinu the Arsonist (level 10, -3/69 HPs)
             Began as a Red Draconian Fire Elementalist on July 31, 2018.
             Slain by a red ugly thing (7 damage)
             ... on level 9 of the Dungeon.
             The game lasted 00:33:44 (13272 turns).

Kuinu the Arsonist (DrFE)                          Turns: 13272, Time: 00:33:45

Health: -3/69      AC:  9    Str: 11    XL:     10   Next: 32%
Magic:  9/19       EV: 12    Int: 24    God:
Gold:   439        SH:  0    Dex: 12    Spells: 2/22 levels left

rFire    + + .     SeeInvis .   t - +2 flail (crush)
rCold    x . .     Gourm    +   (no shield)
rNeg     . . .     Faith    .   (armour unavailable)
rPois    .         Spirit   .   (helmet restricted)
rElec    .         Reflect  .   i - +0 cloak
rCorr    .         Harm     .   (no gloves)
MR       .....                  k - +0 pair of boots
Stlth    ++........             e - amulet of the gourmand
HPRegen  0.21/turn              f - +6 ring of intelligence
MPRegen  0.16/turn              y - ring of fire

@: no status effects
A: breathe fire, unfitting armour, fire resistance 1, cold-blooded, AC +7
a: Breathe Fire


You were on level 9 of the Dungeon.
You were very full.

You visited 2 branches of the dungeon, and saw 10 of its levels.
You also visited: Sewer.

You collected 439 gold pieces.

Inventory:

Hand Weapons
 h - a +0 short sword
 t - a +2 flail of crushing (weapon)
 w - a +0 dagger of protection
 x - the +2 mace of Stickiness {antimagic, rF+ rC+ Str+3 SInv}
   (You found it on level 4 of the Dungeon)

   It reduces the magical energy of the wielder, and disrupts the spells and
   magical abilities of those hit.
   Natural abilities and divine invocations are not affected.
   It affects your strength (+3).
   It protects you from fire.
   It protects you from cold.
   It lets you see invisible.
 D - a +0 whip of flaming
 E - a +0 glaive
 L - a +2 trident of protection
Armour
 i - a +0 cloak (worn)
 k - a +0 pair of boots (worn)
Jewellery
 e - an amulet of the gourmand (around neck)
 f - a +6 ring of intelligence (left hand)
 y - a ring of fire (right hand)
 C - an uncursed ring of poison resistance
 O - an uncursed ring of positive energy
 R - a +3 ring of slaying
Wands
 r - a wand of polymorph (26)
 u - a wand of acid (7)
 A - a wand of digging (28)
 I - a wand of paralysis (12)
 P - a wand of scattershot (7)
Scrolls
 g - 2 scrolls of magic mapping {unknown}
 j - 2 scrolls of blinking {unknown}
 l - a scroll of noise {unknown}
 n - 6 scrolls of remove curse
 o - 2 scrolls of amnesia {unknown}
 s - 3 scrolls of fear {unknown}
 v - a scroll of random uselessness {unknown}
 z - 4 scrolls of immolation {unknown}
 H - 5 scrolls of teleportation
 J - a scroll of fog {unknown}
 M - a scroll of identify
 N - a scroll of summoning {unknown}
Potions
 a - 2 potions of might {unknown}
 c - a potion of lignification
 d - a potion of brilliance
 m - 5 potions of curing
 p - 3 potions of berserk rage
 q - 7 potions of flight
 F - a potion of magic {unknown}
 G - 4 potions of heal wounds
 K - a potion of ambrosia
 Q - a potion of degeneration {unknown}
 S - a potion of resistance {unknown}
Comestibles
 b - 19 rations


   Skills:
 - Level 1.7 Dodging
 - Level 1.7 Stealth
 + Level 6.5 Spellcasting
 * Level 9.8 Conjurations
 * Level 11.9 Fire Magic


You had 2 spell levels left.
You knew the following spells:

 Your Spells              Type           Power        Failure   Level  Hunger
a - Flame Tongue          Conj/Fire      #####        1%          1    None
b - Throw Flame           Conj/Fire      ######       1%          2    None
c - Conjure Flame         Conj/Fire      ######..     1%          3    None
d - Sticky Flame          Conj/Fire      ######..     1%          4    ###....
e - Fireball              Conj/Fire      ######....   2%          5    #####..
f - Swiftness             Chrm/Air       #.......     12%         2    None
g - Static Discharge      Conj/Air       ####....     3%          3    None

Your spell library contained the following spells:

 Spells                   Type           Power        Failure   Level  Hunger
 Apportation              Tloc           #.....       8%          1    None
 Lightning Bolt           Conj/Air       ####......   28%         5    #####..
 Summon Small Mammal      Summ           #...         8%          1    None
 Animate Skeleton         Necr           N/A          8%          1    None
 Shock                    Conj/Air       ####         1%          1    None
 Airstrike                Air            #.........   58%         4    ###....
 Confusing Touch          Hex            #.....       8%          1    None
 Inner Flame              Hex/Fire       ######..     1%          3    None


Dungeon Overview and Level Annotations

Branches:
Dungeon (9/15)             Temple (1/1) D:5            Lair (0/6) D:8
    Orc: D:9-12

Altars:
Cheibriados
Dithmenos
Elyvilon
Fedhas
Gozag
Hepliaklqana
Kikubaaqudgha
Makhleb
Nemelex Xobeh
Okawaru
Qazlal
Ru
Sif Muna
Uskayaw
Wu Jian
Xom
Yredelemnul
Zin
The Shining One


Innate Abilities, Weirdness & Mutations

You can breathe blasts of fire.
Your fiery red scales are hard. (AC +7)
You cannot fit into any form of body armour.
Your flesh is heat resistant. (rF+)
You are cold-blooded and may be slowed by cold attacks.


Message History

Casting: Sticky Flame (safe; 1% risk of failure)
Confirm with . or Enter, or press ? or * to list all spells.
Aiming: Sticky Flame (safe; 1% risk of failure)
Press: ? - help, Shift-Dir - straight line, f/p - red ugly thing
Aim: a red ugly thing (lightly wounded)
You feel a surge of power!
The sticky flame hits the red ugly thing.
The red ugly thing resists.
The red ugly thing is lightly wounded.
The red ugly thing tail-slaps you!
* * * LOW HITPOINT WARNING * * *
You are engulfed in flames.
You resist.
* * * LOW HITPOINT WARNING * * *
The red ugly thing tail-slaps you but does no damage.
There is a stone staircase leading up here.
You see here 9 sling bullets.
The red ugly thing tail-slaps you.
* * * LOW HITPOINT WARNING * * *
You are engulfed in flames!
You resist.
You die...

############# ##########
###...........#
#........###.(...<........
#........#...#...........#
#.....)..#u###...........#
#........@.# #...........#
#......).### #...........#
#....)...# #..)........#
#......).# ########.####
#######'## #.# ##.# #.#
#..# ######+### #.##
#........# #.# #........#


You could see a red ugly thing.

Vanquished Creatures
  A two-headed ogre (D:8)
  Pikel (D:5)
  Joseph (D:9)
  Psyche (D:9)
  Prince Ribbit (D:5)
  A steam dragon (D:9)
  Edmund (Temple)
  2 orc warriors
  A sky beast (D:8)
  4 slaves
  5 centaurs
  An ogre (D:4)
  A big kobold (Sewer)
  4 bullfrogs
  4 scorpions
  4 killer bees (D:8)
  3 howler monkeys
  A bullfrog zombie (D:8)
  2 bullfrog skeletons
  A centaur skeleton (D:8)
  6 hounds
  8 orc priests
  3 orc wizards
  4 iguanas
  7 worker ants
  A hound skeleton (D:8)
  2 hound zombies
  A worker ant zombie (D:9)
  A howler monkey skeleton (D:9)
  8 gnolls
  18 adders
  2 river rats (Sewer)
  2 oozes
  An adder skeleton (D:4)
  An adder zombie (D:9)
  A worm (D:3)
  A dart slug (D:1)
  6 leopard geckos
  31 orcs
  6 ball pythons
  8 giant cockroaches
  4 goblins
  14 hobgoblins
  13 jackals
  19 kobolds
  4 quokkas
  7 bats
  8 frilled lizards
  A leopard gecko skeleton (D:6)
  A leopard gecko zombie (D:8)
  A quokka zombie (D:9)
  28 rats
258 creatures vanquished.

Notes
Turn   | Place    | Note
-------+----------+-------------------------------------------
     0 | D:1      | Kuinu the Draconian Fire Elementalist began the quest for the Orb.
     0 | D:1      | Reached XP level 1. HP: 14/14 MP: 3/3
   370 | D:1      | Reached XP level 2. HP: 20/20 MP: 3/5
   496 | D:1      | Learned a level 2 spell: Throw Flame
   981 | D:1      | Reached XP level 3. HP: 25/26 MP: 3/6
  1911 | D:2      | Found a shimmering altar of Xom.
  1958 | D:2      | Found a shadowy altar of Dithmenos.
  1978 | D:2      | Reached XP level 4. HP: 33/33 MP: 5/7
  2058 | D:2      | Learned a level 3 spell: Conjure Flame
  2696 | D:3      | Reached skill level 4 in Fire Magic
  3179 | D:4      | Got a transparent mace
  3180 | D:4      | Identified the +2 mace of Stickiness {antimagic, rF+ rC+ Str+3 SInv} (You found it on level 4 of the Dungeon)
  3352 | D:4      | Found a sacrificial altar of Ru.
  3413 | D:4      | Noticed an ogre
  3424 | D:4      | Killed an ogre
  3424 | D:4      | Reached XP level 5. HP: 38/38 MP: 1/9
  3649 | D:4      | Reached XP level 6. HP: 45/45 MP: 4/10
  3656 | D:4      | Learned a level 4 spell: Sticky Flame
  4152 | D:4      | You fall through a shaft!
  4152 | D:5      | Entered Level 5 of the Dungeon
  4170 | D:5      | Reached skill level 5 in Fire Magic
  4276 | D:5      | Noticed a slave
  4276 | D:5      | Noticed a slave
  4276 | D:5      | Noticed a slave
  4277 | D:5      | Noticed Pikel
  4277 | D:5      | Noticed a slave
  4287 | D:5      | Found a staircase to the Ecumenical Temple.
  4289 | D:5      | Noticed Edmund
  4323 | Temple   | Entered the Ecumenical Temple
  4378 | Temple   | Killed Edmund
  4869 | Temple   | Killed a slave
  4961 | Temple   | Killed a slave
  4971 | Temple   | Killed a slave
  5201 | D:5      | Your scales start taking on a fiery red colour.
  5201 | D:5      | Reached skill level 6 in Fire Magic
  5201 | D:5      | Reached XP level 7. HP: 50/50 MP: 9/12
  5201 | D:5      | Gained mutation: Your flesh is heat resistant. (rF+) [Red Draconian growth]
  5378 | D:5      | Killed Pikel
  5378 | D:5      | Reached skill level 8 in Fire Magic
  5378 | D:5      | Reached XP level 8. HP: 32/57 MP: 3/14
  5458 | D:5      | Noticed Prince Ribbit
  5469 | D:5      | Killed Prince Ribbit
  6091 | D:6      | Found a glowing drain.
  6111 | Sewer    | Entered a sewer
  6290 | Sewer    | Learned a level 5 spell: Fireball
  6431 | Sewer    | Reached skill level 9 in Fire Magic
  7332 | D:6      | Reached skill level 5 in Spellcasting
  8140 | D:7      | Found a deep blue altar of Sif Muna.
  8704 | D:8      | Noticed a two-headed ogre
  8710 | D:8      | Killed a two-headed ogre
  8710 | D:8      | Reached skill level 10 in Fire Magic
  8710 | D:8      | Reached XP level 9. HP: 31/62 MP: 2/17
  9856 | D:8      | Found a staircase to the Lair.
 11258 | D:7      | Reached skill level 11 in Fire Magic
 11778 | D:7      | HP: 1/62 [centaur/arrow (11)]
 11876 | D:7      | Reached XP level 10. HP: 53/69 MP: 13/19
 12404 | D:9      | Learned a level 2 spell: Swiftness
 12408 | D:9      | Learned a level 3 spell: Static Discharge
 12408 | D:9      | Noticed Psyche
 12429 | D:9      | Killed Psyche
 13099 | D:9      | Noticed Joseph
 13110 | D:9      | Killed Joseph
 13232 | D:9      | Noticed a red ugly thing
 13256 | D:9      | HP: 2/69 [red ugly thing (5)]
 13272 | D:9      | Slain by a red ugly thing

Vault maps used:
D:1:      kennysheep_arrival_forest, grunt_decor_mini_mirrors,
          minmay_heptomino_h4
D:2:      nicolae_overflow_hidden_temple, marbit_many_paths, first_ration
D:3:      kennysheep_generic_room_5
D:4:      lemuel_crystal_altar
D:5:      temple_pool_b, uniq_edmund, uniq_pikel, uniq_prince_ribbit1
D:6:      gup_sewer_entry_pipe, st_stairs_11, corexii_item_surrounded_by_moat
D:7:      basic_altar
D:8:      lair_entry_dummy
D:9:      lemuel_doored_altar, uniq_joseph, uniq_psyche
Temple:   eino_temple_rhombus
Sewer:    sewer_minmay_treatment

Skill      XL: |  1  2  3  4  5  6  7  8  9 |
---------------+----------------------------+-----
Conjurations   | 2 3 4 6 8 9 |  9.8
Fire Magic     | 4 6 8 10 11 | 11.9
Spellcasting   | 3 4 5 6 |  6.5
Dodging        | |  1.7
Stealth        | |  1.7

Action                   |  1- 3 |  4- 6 |  7- 9 | 10-12 || total
-------------------------+-------+-------+-------+-------++-------
Melee: Unarmed           |     6 |       |       |       ||     6
       Short sword       |     1 |     1 |       |       ||     2
       Tailslap          |     1 |     2 |     5 |       ||     8
       Dagger            |       |    10 |       |       ||    10
       Flail             |       |     2 |    68 |     9 ||    79
 Cast: Flame Tongue      |    59 |    62 |   186 |    56 ||   363
       Throw Flame       |     1 |       |       |     1 ||     2
       Conjure Flame     |       |     1 |     1 |       ||     2
       Sticky Flame      |       |    11 |    42 |    12 ||    65
       Fireball          |       |       |     7 |     4 ||    11
 Abil: Breathe Fire      |       |       |       |     1 ||     1
  Use: Scroll            |       |     7 |     1 |     2 ||    10
       Potion            |       |     1 |     2 |       ||     3
  Eat: Chunk             |    17 |    10 |    30 |     6 ||    63
Armor: Skin              |     1 |    25 |    46 |    13 ||    85
Dodge: Dodged            |    11 |    38 |   133 |    19 ||   201

Table legend:
 A = Spawn XP
 B = Non-spawn XP
 C = Spawn XP percentage of total XP
 D = Spawn monster count
 E = Non-spawn monster count
 F = Spawn count percentage of total count
 G = Total turns spent on level
                    A         B        C        D         E        F      G
               +---------+---------+-------+---------+---------+-------+---------
         Total |       0 |    7320 |   0.0 |       0 |     254 |   0.0 | 13272
               +---------+---------+-------+---------+---------+-------+---------
           D:1 |       0 |      45 |   0.0 |       0 |      24 |   0.0 |  1492
           D:2 |       0 |      58 |   0.0 |       0 |      19 |   0.0 |   740
           D:3 |       0 |      72 |   0.0 |       0 |      14 |   0.0 |   908
           D:4 |       0 |     244 |   0.0 |       0 |      11 |   0.0 |  1082
           D:5 |       0 |    1238 |   0.0 |       0 |      13 |   0.0 |   812
           D:6 |       0 |     596 |   0.0 |       0 |      30 |   0.0 |  1367
           D:7 |       0 |    1016 |   0.0 |       0 |      32 |   0.0 |  1366
           D:8 |       0 |    2029 |   0.0 |       0 |      33 |   0.0 |  2822
           D:9 |       0 |    1641 |   0.0 |       0 |      26 |   0.0 |   946
        Temple |       0 |     177 |   0.0 |       0 |       4 |   0.0 |   860
         Sewer |       0 |     204 |   0.0 |       0 |      48 |   0.0 |   877
               +---------+---------+-------+---------+---------+-------+---------
